 Dungeon Crawl Stone Soup version 0.22-a0-110-g5b255cf (webtiles) character file.

35 ClockworkOrrery the Magician (level 3, 0/21 HPs)
             Began as a Gargoyle Wizard on Jan 27, 2018.
             Slain by an adder (4 damage)
             ... on level 2 of the Dungeon.
             The game lasted 00:04:43 (1390 turns).

ClockworkOrrery the Magician (Gargoyle Wizard)      Turns: 1390, Time: 00:04:44

Health: 0/21       AC:  5    Str: 10    XL:     3   Next: 35%
Magic:  0/7        EV: 12    Int: 19    God:
Gold:   45         SH:  0    Dex:  8    Spells: 7/8 levels left

rFire    . . .     SeeInvis .   g - +0 short sword
rCold    . . .     Gourm    .   (no shield)
rNeg     + . .     Faith    .   a - +0 robe
rPois    ∞         Spirit   .   b - +0 hat
rElec    +         Reflect  .   (no cloak)
rCorr    .         Harm     .   (no gloves)
MR       .....                  (no boots)
Stlth    ++........             (no amulet)
HPRegen  0.07/turn              (no ring)
MPRegen  0.10/turn              (no ring)

@: no status effects
A: negative energy resistance 1, electricity resistance, unbreathing,
petrification resistance, rot immunity, AC +3
a: no special abilities


You were on level 2 of the Dungeon.
You were not hungry.

You visited 1 branch of the dungeon, and saw 2 of its levels.

You collected 45 gold pieces.

Inventory:

Hand Weapons
 g - a +0 short sword (weapon)
 i - a +0 club
Armour
 a - a +0 robe (worn)
 b - a +0 hat (worn)
Scrolls
 f - a scroll of enchant armour {unknown}
 h - a scroll of magic mapping {unknown}
 j - a scroll of fear {unknown}
 l - a scroll of teleportation {unknown}
Potions
 e - 2 potions of might {unknown}
 k - a potion of resistance {unknown}
 m - a potion of curing {unknown}
 n - a potion of magic {unknown}
Books
 c - a book of Minor Magic

   Spells                             Type                      Level
   a - Magic Dart                     Conjuration                  1
   b - Blink                          Translocation                2
   c - Call Imp                       Summoning                    2
   d - Slow                           Hexes                        2
   e - Conjure Flame                  Conjuration/Fire             3
   f - Mephitic Cloud                 Conjuration/Poison/Air       3
Comestibles
 d - 5 rations
 o - 4 chunks of flesh


   Skills:
 * Level 2.1 Fighting
 + Level 1.3 Armour
 + Level 2.0 Dodging
 - Level 2.1 Stealth
 - Level 3.0 Spellcasting
 - Level 1.1 Conjurations
   Level 0.8 Summonings
   Level 0.8 Translocations


You had 7 spell levels left.
You knew the following spells:

 Your Spells              Type           Power        Failure   Level  Hunger
a - Magic Dart            Conj           #...         10%         1    None


Dungeon Overview and Level Annotations

Branches:
Dungeon (2/15)

Altars:


Innate Abilities, Weirdness & Mutations

You are resistant to torment.
Your stone body is resilient. (AC +3)
You are immune to poison.
You resist negative energy. (rN+)
You are resistant to electric shocks. (rElec)
You can survive without breathing.
You are immune to petrification.
You are immune to rotting.


Message History

The adder is heavily wounded.
The adder bites you. x2
* * * LOW HITPOINT WARNING * * *
Casting: Magic Dart (safe; 10% risk of failure)
Confirm with . or Enter, or press ? or * to list all spells.
Aiming: Magic Dart (safe; 10% risk of failure)
Press: ? - help, Shift-Dir - straight line, f/p - adder
Aim: an adder (heavily wounded)
The magic dart hits the adder.
The adder is heavily wounded.
The adder barely misses you.
Casting: Magic Dart (safe; 10% risk of failure)
Confirm with . or Enter, or press ? or * to list all spells.
Aiming: Magic Dart (safe; 10% risk of failure)
Press: ? - help, Shift-Dir - straight line, f/p - adder
Aim: an adder (heavily wounded)
The magic dart hits the adder.
The adder is almost dead.
The adder bites you.
You die...

..# ## #.# ..
#.# .#
###.###.##<.#
............#
###.###.###.#
.......<)...#
.###.###S###.#
.....)..@#
####.#####


You could see an adder.

Vanquished Creatures
  An ooze (D:1)
  2 leopard geckos (D:1)
  A ball python (D:1)
  3 bats (D:1)
  A giant cockroach (D:2)
  4 goblins (D:1)
  6 hobgoblins
  5 kobolds
  2 rats (D:1)
25 creatures vanquished.

Notes
Turn   | Place    | Note
-------+----------+-------------------------------------------
     0 | D:1      | ClockworkOrrery the Gargoyle Wizard began the quest for the Orb.
     0 | D:1      | Reached XP level 1. HP: 10/10 MP: 4/4
   144 | D:1      | Reached skill level 1 in Fighting
   144 | D:1      | Reached XP level 2. HP: 16/16 MP: 0/6
   435 | D:1      | Reached skill level 1 in Armour
   936 | D:1      | Reached XP level 3. HP: 21/21 MP: 5/7
  1390 | D:2      | Slain by an adder

Vault maps used:
D:1:      ncdulo_watergridlock, minmay_tetromino_l4
D:2:      uniq_sigmund

Skill      XL: |  1  2  3 |
---------------+----------+-----
Fighting       | 1 2 |  2.1
Armour         | 1 |  1.3
Dodging        | 2 |  2.0
Stealth        | |  2.1
Spellcasting   | |  3.0
Conjurations   | |  1.1
Summonings     | |  0.8
Translocations | |  0.8

Action                   || total
-------------------------++-------
Melee: Unarmed           ||     6
       Short sword       ||    29
 Cast: Magic Dart        ||    57
  Eat: Chunk             ||     1
Armor: Robe              ||     6
Dodge: Dodged            ||    31

Table legend:
 A = Spawn XP
 B = Non-spawn XP
 C = Spawn XP percentage of total XP
 D = Spawn monster count
 E = Non-spawn monster count
 F = Spawn count percentage of total count
 G = Total turns spent on level
                    A         B        C        D         E        F      G
               +---------+---------+-------+---------+---------+-------+---------
         Total |       0 |      51 |   0.0 |       0 |      25 |   0.0 |  1390
               +---------+---------+-------+---------+---------+-------+---------
           D:1 |       0 |      45 |   0.0 |       0 |      22 |   0.0 |  1327
           D:2 |       0 |       6 |   0.0 |       0 |       3 |   0.0 |    63
               +---------+---------+-------+---------+---------+-------+---------
